 Dungeon Crawl Stone Soup version 0.18-a0-1745-gffa9a88 (console) character file.

31 sorlin the Cutter (level 3, -1/31 HPs)
             Began as a Tengu Wanderer on Apr 11, 2016.
             Slain by a gnoll
             ... wielding a +0 whip
              (2 damage)
             ... on level 1 of the Dungeon.
             The game lasted 00:03:02 (965 turns).

sorlin the Cutter (Tengu Wanderer)                   Turns: 965, Time: 00:03:02

Health: -1/31      AC: 21    Str: 11    XL:     3   Next: 22%
Magic:  4/4        EV:  2    Int: 13    God:
Gold:   81         SH:  6    Dex: 14    Spells: 0 memorised, 2 levels left

rFire  . . .     SeeInvis .     (no weapon)
rCold  . . .     Gourm    .     (armour currently unavailable)
rNeg   + + +     Faith    .     l - +2 buckler {reflect}
rPois  +         Spirit   .     (helmet currently unavailable)
rElec  .         Dismiss  .     (cloak currently unavailable)
rCorr  .         Reflect  +     (gloves currently unavailable)
SustAt .         Harm     .     (boots unavailable)
MR     .....     NoTele   +     (no amulet)
Stlth  ++........               (no ring)
                                (no ring)

@: tree-form, not resistant to hostile enchantments, unstealthy
A: (beak), (talons 0)
a: no special abilities


You were on level 1 of the Dungeon.
You were not hungry.
You were a tree.
You visited 1 branch of the dungeon, and saw 2 of its levels.

You collected 81 gold pieces.


Innate Abilities, Weirdness & Mutations

((You have a beak for a mouth.))
((You have claws for feet.))


   Skills:
 - Level 2.0 Fighting
 + Level 3.4 Short Blades
   Level 1.1 Bows
 - Level 1.0 Throwing
 - Level 2.1 Armour
 - Level 1.1 Dodging
 - Level 1.0 Stealth
 * Level 1.4 Shields


You had 2 spell levels left.
You didn't know any spells.

Inventory:

Hand Weapons
 c - a +0 dagger
Missiles
 g - 5 tomahawks (quivered)
 o - 14 poisoned needles
Armour
 a - a +2 scale mail (melded)
 l - a +2 buckler of reflection (worn)
   (You found it on level 1 of the Dungeon)
Scrolls
 e - 3 scrolls of remove curse {unknown}
 f - a scroll of magic mapping {unknown}
 h - a scroll of teleportation {unknown}
 p - a scroll of fog {unknown}
 q - a scroll of immolation {unknown}
Potions
 b - 2 potions of lignification {!q}
 i - a potion of degeneration {unknown}
 j - 3 potions of brilliance {unknown}
 k - a potion of heal wounds {unknown}
 m - a potion of cancellation {unknown}
 n - a potion of cure mutation {unknown}
Comestibles
 d - 2 bread rations {!e}


Message History

A kobold comes into view.
The kobold throws a stone.
The stone barely misses you.
You see here a bat corpse.
There is a stone staircase leading up here.
The gnoll hits you but does no damage. The gnoll hits you with a whip.
* * * LOW HITPOINT WARNING * * *
You climb upwards.
There is a stone staircase leading down here.
You take 1 damage.
You hit the gnoll but do no damage. You block the gnoll's attack.
You closely miss the gnoll. You claw the gnoll, but do no damage.
The gnoll hits you with a whip.
* * * LOW HITPOINT WARNING * * *
You take 5 damage.
You barely miss the gnoll. You block the gnoll's attack.
You completely miss the gnoll. You block the gnoll's attack.
Drink which item? (? for menu, Esc to quit)
Really quaff
b - 3 potions of lignification {!q}?
You turn into a tree.
Your roots penetrate the ground.
The gnoll hits you but does no damage.
You hit the gnoll.
The gnoll is lightly wounded.
You block the gnoll's attack.
You hit the gnoll but do no damage.
The gnoll is lightly wounded.
The gnoll hits you but does no damage.
You closely miss the gnoll.
The gnoll is lightly wounded.
You closely miss the gnoll.
The gnoll is lightly wounded.
The gnoll hits you but does no damage.
A kobold comes into view. It is wielding a whip.
Wield which item (- for none, * to show all)? (? for menu, Esc to quit)
You are now empty-handed.
The gnoll hits you with a whip.
* * * LOW HITPOINT WARNING * * *
You take 4 damage.
Unknown command.
Really attack barehanded?
The kobold shouts!
You hit the gnoll but do no damage.
The gnoll is lightly wounded.
The kobold throws a stone.
The stone hits you but does no damage. The gnoll hits you but does no damage.
You hit the gnoll but do no damage.
The gnoll is lightly wounded.
The kobold throws a stone.
The stone hits you but does no damage. You block the gnoll's attack.
You barely miss the gnoll.
The gnoll is lightly wounded.
The gnoll hits you but does no damage.
You hit the gnoll.
The gnoll is heavily wounded.
The gnoll hits you with a whip.
You die...

...# #...................# .#.#
#.##.#.####.#.#####.# ...##
#.##.#.# #.#.# #)### .#..#
#.##.#.# #.#.#####.... ....#
##.##.#.# ##.#.......###
.#..######...#...###...########
...........#.....##.....##
##..######...#...........#
#....[.....##.#.##.....##
##..##########.#.###....#
.......#######.#♣####.#.#
##..............g.....#.#
######
##..##.##.####.########.#
#..... ##..##.##.##...# #.#
#.#### ############K#.# #.# #.#
.▒.▒.▒.▒.▒.▒...# #.# #.#
............▒#.# #.# #.#
..#..........#.# #.####.#
....#.......▒#.# #...##.#
(#....#......#.# ###.##.#
........#...▒#.# #.##.####


You could see a gnoll and a kobold.

Vanquished Creatures
  An ooze (D:2)
  A giant gecko (D:1)
  A bat (D:2)
  4 giant cockroaches
  4 goblins (D:1)
  4 hobgoblins (D:1)
  2 jackals (D:1)
  A quokka (D:2)
  2 kobolds (D:1)
  A rat (D:1)
21 creatures vanquished.

Notes
Turn   | Place    | Note
--------------------------------------------------------------
     0 | D:1      | sorlin the Tengu Wanderer began the quest for the Orb.
     0 | D:1      | sorlin set off with: a +2 scale mail, 2 potions of lignification {!q}, a +0 dagger, a bread ration {!e}
     0 | D:1      | Reached XP level 1. HP: 12/12 MP: 2/2
   322 | D:1      | Reached skill level 3 in Short Blades
   322 | D:1      | Reached XP level 2. HP: 16/17 MP: 3/3
   867 | D:2      | Reached skill level 1 in Shields
   883 | D:2      | Reached XP level 3. HP: 17/21 MP: 4/4
   953 | D:1      | HP: 3/21 [gnoll/whip (5)]
   961 | D:1      | HP: 1/31 [gnoll/whip (4)]
   965 | D:1      | Slain by a gnoll

Vault maps used:
D:1:      co_arrival_square_in_a_square_in_a_square, st_stairs_8,
          minmay_misc_feat_cross
D:2:      nicolae_overflow_hidden_temple, nicolae_ashenzari_panopticon

Action                   || total
-------------------------++-------
Melee: Dagger            ||    94
       Unarmed           ||     4
  Use: Potion            ||     1
